 Dungeon Crawl Stone Soup version 0.24-a0-250-g6074511 (webtiles) character file.

Game seed: 16583568112434299570

995 Borgoz the Cutter (level 8, -2/50 HPs)
             Began as a Kobold Gladiator on Apr 14, 2019.
             Was an Initiate of Ashenzari.
             Slain by a bullfrog (4 damage)
             ... on level 5 of the Dungeon.
             The game lasted 00:11:40 (6114 turns).

Borgoz the Cutter (Kobold Gladiator)                Turns: 6114, Time: 00:11:41

Health: -2/50      AC:  6    Str: 13    XL:     8   Next: 42%
Magic:  8/8        EV: 17    Int:  9    God:    Ashenzari [......]
Gold:   161        SH:  0    Dex: 17    Spells: 7/7 levels left

rFire    . . .     SeeInvis +   a - +1 rapier
rCold    . . .     Gourm    .   (shield restricted)
rNeg     . . .     Faith    .   j - +0 ring mail
rPois    .         Spirit   .   c - +0 helmet
rElec    .         Reflect  .   (no cloak)
rCorr    .         Harm     .   (no gloves)
MR       .....     Rnd*Tele +   (no boots)
Stlth    ..........             (no amulet)
HPRegen  0.16/turn              s - ring of attention (curse)
MPRegen  0.11/turn              v - ring of see invisible

@: lethally poisoned (-2 -> -3)
A: small, carnivore, sense surroundings 2, teleportitis 1
a: Curse Item, Renounce Religion


You were on level 5 of the Dungeon.
You worshipped Ashenzari.
Ashenzari was noncommittal.
You were completely stuffed.

You visited 2 branches of the dungeon, and saw 7 of its levels.

You collected 161 gold pieces.

Inventory:

Hand Weapons
 a - a +1 rapier (weapon)
Missiles
 d - 2 throwing nets (quivered)
Armour
 c - a +0 helmet (worn)
 j - a +0 ring mail (worn)
Jewellery
 e - an uncursed ring of magical power
 s - a cursed ring of attention (left hand)
 v - a ring of see invisible (right hand)
Wands
 r - a wand of random effects (50)
Scrolls
 g - a scroll of blinking {unknown}
 h - 2 scrolls of magic mapping {unknown}
 k - 3 scrolls of teleportation
 m - a scroll of immolation {unknown}
 n - 4 scrolls of remove curse
 o - 2 scrolls of fear {unknown}
 q - a scroll of vulnerability {unknown}
 t - a scroll of fog
 w - 2 scrolls of enchant weapon
 x - 2 scrolls of enchant armour {unknown}
Potions
 l - a potion of brilliance
 p - a potion of agility
 u - a potion of lignification
Comestibles
 b - 2 chunks of flesh
 f - 6 rations


   Skills:
 + Level 5.4 Fighting
 + Level 7.2 Short Blades
 - Level 2.1 Throwing
 + Level 3.5 Armour
 + Level 6.6 Dodging
 + Level 0.6 Stealth


You had 7 spell levels left.
You didn't know any spells.
Your spell library was empty.

Dungeon Overview and Level Annotations

Branches:
Dungeon (6/15)             Temple (1/1) D:4

Altars:
Ashenzari
Cheibriados
Gozag
Hepliaklqana
Kikubaaqudgha
Okawaru
Qazlal
Ru
Sif Muna
Trog
Uskayaw
Vehumet
Xom
Zin
The Shining One

Annotations:
D:6 Eustachio


Innate Abilities, Weirdness & Mutations

You are small and have problems with some larger weapons.
You are carnivorous and can eat meat at any time.
You passively map the area around you.
You are occasionally teleported next to monsters.


Message History

The bullfrog hits you.
* * * LOW HITPOINT WARNING * * *
The bullfrog barely misses you. x2; The gnoll completely misses you.
The bullfrog barely misses you.
You climb upwards.
Some of the chunks of flesh in your inventory have rotted away.
There is a stone staircase leading down here.
It was a potion of mutation.
You feel extremely strange.
You feel a strange attunement to the structure of the dungeons.
You feel weirdly uncertain.
Your attunement to dungeon structure grows.
The bullfrog closely misses you. The bullfrog hits you.
* * * LOW HITPOINT WARNING * * *
You feel sick.
The bullfrog hits you but does no damage.
The bullfrog misses you. The bullfrog closely misses you.
The bullfrog hits you.
* * * LOW HITPOINT WARNING * * *
The bullfrog hits you.
You die...

# ##.# ##..# #...........###... #
##.# ##...###..##.............
###..####.....##..##..#####..##..
.................##...# #.###..
.............#...#.>..## #.# #..
..##........##.........# #.# #..
...#....###.....F......####.###..
.......## ##.###F##...........#..
...###..####..#.@####......##....
..## ##..##.#.#.#.#.#..#...###..#
..## ##..#...........###..# #.##
..(## ##...#.##+##.#.# #..###.#
....## ##....#...#...###...#..#
.....### #..#.+...'.#..##......##
###....####...#...#..............
.####.......#.##+##.#.##.........
..####.....#..........#........##


You could see 2 bullfrogs.

Vanquished Creatures
  A sky beast (D:5)
  A phantom (D:4)
  A centaur (D:5)
  A scorpion (D:4)
  A howler monkey (D:3)
  A hound (D:4)
  A jelly (D:4)
  3 orc wizards (D:5)
  Natasha (thrice) (D:2)
  6 worker ants
  A hound zombie (D:5)
  A hound skeleton (D:4)
  4 gnolls (D:5)
  6 adders
  4 oozes
  An adder zombie (D:5)
  An adder skeleton (D:4)
  2 worms (D:3)
  3 dart slugs
  4 leopard geckos
  14 orcs
  7 giant cockroaches
  11 goblins
  6 hobgoblins
  8 jackals (D:5)
  2 quokkas (D:2)
  3 ball pythons
  6 bats
  5 frilled lizards
  13 kobolds
  2 quokka skeletons (D:4)
  4 rats
127 creatures vanquished.

Notes
Turn   | Place    | Note
-------+----------+-------------------------------------------
     0 | D:1      | Borgoz the Kobold Gladiator began the quest for the Orb.
     0 | D:1      | Reached XP level 1. HP: 12/12 MP: 1/1
    81 | D:1      | Reached XP level 2. HP: 15/18 MP: 2/2
   400 | D:1      | Reached XP level 3. HP: 21/22 MP: 3/3
   691 | D:1      | Reached skill level 1 in Armour
  1166 | D:2      | Reached XP level 4. HP: 27/27 MP: 4/4
  1338 | D:2      | Noticed Natasha
  1350 | D:2      | Killed Natasha
  1636 | D:2      | Noticed Natasha
  1643 | D:2      | Killed Natasha
  1643 | D:2      | Reached skill level 5 in Short Blades
  1643 | D:2      | Reached XP level 5. HP: 29/32 MP: 5/5
  1673 | D:2      | Found an iron altar of Okawaru.
  1807 | D:3      | Found a hide-covered altar of Uskayaw.
  1807 | D:3      | Noticed a +0 hand axe
  1807 | D:3      | Noticed a -2 dagger
  2290 | D:2      | Noticed Natasha
  2304 | D:2      | Killed Natasha
  2304 | D:2      | Reached XP level 6. HP: 29/38 MP: 6/6
  2531 | D:3      | Reached skill level 5 in Dodging
  2552 | D:3      | Found a shimmering altar of Xom.
  2787 | D:4      | Noticed a phantom
  2788 | D:4      | Found a radiant altar of Vehumet.
  2854 | D:4      | Killed a phantom
  3122 | D:4      | Found a staircase to the Ecumenical Temple.
  3134 | D:4      | Reached XP level 7. HP: 39/43 MP: 7/7
  3143 | Temple   | Entered the Ecumenical Temple
  3332 | Temple   | Became a worshipper of Ashenzari the Shackled
  3376 | D:4      | Reached skill level 6 in Short Blades
  4363 | D:5      | Entered Level 5 of the Dungeon
  4372 | D:5      | Found a snail-covered altar of Cheibriados.
  4940 | D:5      | Reached XP level 8. HP: 40/48 MP: 8/8
  5095 | D:5      | Reached skill level 5 in Fighting
  5485 | D:5      | Reached skill level 7 in Short Blades
  5877 | D:6      | Noticed Eustachio
  6110 | D:5      | Gained mutation: You passively map a small area around you.
                  | [potion of mutation]
  6110 | D:5      | Gained mutation: You are occasionally teleported next to
                  | monsters. [potion of mutation]
  6110 | D:5      | Gained mutation: You passively map the area around you.
                  | [potion of mutation]
  6113 | D:5      | HP: 2/50 [bullfrog (3)]
  6114 | D:5      | Slain by a bullfrog

Levels and vault maps discovered:
D:1:      erik_arrival_gehennom, layout_loops_corners, serial_park_tiny_pond
D:2:      layout_loops_ring, okawaru_ov_weapons_minmay, first_ration,
          kennysheep_generic_room_7, uniq_natasha
D:3:      layout_basic, xom_butterflies, dancing_weapons_uskayaw
D:4:      minmay_angry_zag, layout_basic, vehumet_altar_wand_db,
          minmay_temple_entry_grid
D:5:      layout_layer_cave, cheibriados_altar_1, serial_bayou_pond_b,
          minmay_misc_feat_doors
D:6:      layout_cave_pools, uniq_eustachio
Temple:   dpeg_chambers_temple

Skill      XL: |  1  2  3  4  5  6  7  8 |
---------------+-------------------------+-----
Dodging        | 4 5 6 |  6.6
Armour         | 1 2 3 |  3.5
Fighting       | 3 4 5 |  5.4
Short Blades   | 5 6 7 |  7.2
Throwing       | |  2.1
Stealth        | |  0.6

Action                   |  1- 3 |  4- 6 |  7- 9 || total
-------------------------+-------+-------+-------++-------
Melee: Rapier            |   116 |   221 |   256 ||   593
Throw: Throwing net      |       |     4 |     3 ||     7
Evoke: Wand              |       |    14 |       ||    14
  Use: Potion            |       |       |     3 ||     3
       Scroll            |       |       |     5 ||     5
 Stab: Held in net/web   |       |     1 |     2 ||     3
  Eat: Chunk             |     8 |     7 |    10 ||    25
Armor: Leather armour    |     6 |       |       ||     6
       Plate armour      |    63 |   140 |    45 ||   248
       Ring mail         |       |       |    42 ||    42
Dodge: Dodged            |    47 |    70 |   248 ||   365

Table legend:
 A = Non-vault XP
 B = Vault XP
 C = Vault XP percentage of total XP
 D = Non-vault monster count
 E = Vault monster count
 F = Vault count percentage of total count
                 A         B        C        D         E       F
            +---------+---------+-------+---------+---------+-------
      Total |    1296 |     126 |   8.9 |     115 |      12 |   9.4
            +---------+---------+-------+---------+---------+-------
        D:1 |      45 |      18 |  28.6 |      27 |       5 |  15.6
        D:2 |     103 |      39 |  27.5 |      13 |       2 |  13.3
        D:3 |     123 |       0 |   0.0 |      23 |       0 |   0.0
        D:4 |     411 |      66 |  13.8 |      17 |       4 |  19.0
        D:5 |     598 |       3 |   0.5 |      33 |       1 |   2.9
        D:6 |      16 |       0 |   0.0 |       2 |       0 |   0.0
            +---------+---------+-------+---------+---------+-------
